 Dungeon Crawl Stone Soup version 0.32-a0-981-g384da2ce10 (webtiles) character file.

Game seed: 7980257383159978997

234 PriceMaster the Chiller (level 5, -1/52 HPs)
             Began as a Demonspawn Ice Elementalist on Apr 20, 2024.
             Slain by a mummy (10 damage)
             ... in an ossuary.
             The game lasted 00:03:51 (2596 turns).

PriceMaster the Chiller (DsIE)                      Turns: 2596, Time: 00:03:52

Health: -1/52      AC: 22    Str:  8    XL:     5   Next: 75%
Magic:  7/10       EV:  2    Int: 17    God:
Gold:   101        SH:  0    Dex: 14    Spells: 5/10 levels left

rFire   . . .        d - +0 dagger
rCold   . . .        (no shield)
rNeg    . . .        g - melded +4 ring mail of Acronuo {rCorr MP+9 Int+3}
rPois   +            (helmet currently unavailable)
rElec   .            (cloak currently unavailable)
rCorr   .            (gloves currently unavailable)
SInv    .            h - melded +0 pair of boots
Will    .....        (no amulet)
Stlth   ++           (no ring)
HPRegen 0.28/turn    (no ring)
MPRegen 0.12/turn

%: no passive effects
@: agile, tree-form
A: stationary, stasis, torment immunity, boosted hp, ignite blood 1, powered by
pain 1
a: no special abilities


You were in an ossuary.
You were a tree.
You visited 1 branch of the dungeon, and saw 4 of its levels.
You also visited: Ossuary.

You collected 101 gold pieces.

Inventory:

Hand Weapons
 d - a +0 dagger (weapon)
Armour
 a - a +0 robe
 g - the +4 ring mail of Acronuo (melded) {rCorr MP+9 Int+3}
   (You found it on level 2 of the Dungeon)

   Int+3:     It affects your intelligence (+3).
   MP+9:      It affects your magic capacity (+9).
   rCorr:     It protects you from acid and corrosion.
 h - a +0 pair of boots (melded)
Jewellery
 f - a +4 ring of protection
 m - a +6 ring of intelligence
Scrolls
 e - 2 scrolls of teleportation
 i - a scroll of identify
 k - a scroll of fear
 l - a scroll of blinking
Potions
 b - a potion of magic
 o - a potion of invisibility {unknown}


   Skills:
 + Level 0.1 Short Blades
 + Level 1.2 Armour
 + Level 2.0 Dodging
 + Level 2.0 Stealth
 + Level 3.4 Spellcasting
 + Level 0.1 Conjurations
 + Level 5.2 Ice Magic


You had 5 spell levels left.
You knew the following spells:

 Your Spells              Type           Power      Damage    Failure   Level
a - Freeze                Ice            80%        1d9       1%          1
b - Magic Dart            Conj           12%        1d3       16%         1
c - Frozen Ramparts       Ice            40%        1d7       6%          3

Your spell library contained the following spells:

 Spells                   Type           Power      Damage    Failure   Level
 Ozocubu's Armour         Ice            20%        N/A       6%          3
 Shock                    Conj/Air       12%        1d3       16%         1
 Summon Ice Beast         Ice/Summ       11%        N/A       17%         3
 Blink                    Tloc           4%         N/A       26%         2
 Call Imp                 Summ           4%         N/A       26%         2
 Swiftness                Air            2%         N/A       45%         3
 Volatile Blastmotes      Fire/Tloc      4%         2d10      45%         3
 Airstrike                Air            1%         2d(1-17)  86%         4
 Vhi's Electric Charge    Tloc/Air       4%         N/A       86%         4
 Gell's Gavotte           Tloc           1%         2d(11-17) 100%        6


Dungeon Overview and Level Annotations

Branches:
Dungeon (4/15)            Ossuary (1/1)
 Temple: D:4-7

Altars:


Innate Abilities, Weirdness & Mutations

You are a tree.
Your roots penetrate the ground, keeping you stationary.
You cannot be teleported.
You are immune to unholy pain and torment.
Your maximum health is greatly increased.
Your equipment is partially melded.
Your demonic aura sometimes causes spilled blood to erupt in flames.
You sometimes gain a little power by taking damage.


Message History

The mummy barely misses you. The mummy hits you but does no damage.
The mummy hits you!
You focus on the pain.
You feel your power returning.
The mummy hits you but does no damage. x3
You are too injured to fight recklessly!
You are too injured to fight recklessly!
You are too injured to fight recklessly!
You are too injured to fight recklessly!
You are too injured to fight recklessly!
You are too injured to fight recklessly!
You are too injured to fight recklessly!
Casting: Freeze (safe; 1% risk of failure)
Confirm with . or Enter, or press ? or * to list all spells.
Aiming: Freeze (safe; 1% risk of failure)
Press: ? - help, Shift-Dir - straight line, f/p - mummy
Aim: a mummy (almost destroyed)
You freeze the mummy.
The mummy resists.
You destroy the mummy!
The mummy hits you. x2
* * * LOW HITPOINT WARNING * * *
Casting: Freeze (safe; 1% risk of failure)
Confirm with . or Enter, or press ? or * to list all spells.
Aiming: Freeze (safe; 1% risk of failure)
Press: ? - help, Shift-Dir - straight line, f - mummy
Aim: a mummy You freeze the mummy.
The mummy resists.
The mummy is lightly damaged.
The mummy barely misses you. The mummy hits you.
* * * LOW HITPOINT WARNING * * *
The mummy hits you but does no damage.
Casting: Freeze (safe; 1% risk of failure)
Confirm with . or Enter, or press ? or * to list all spells.
Aiming: Freeze (safe; 1% risk of failure)
Press: ? - help, Shift-Dir - straight line, f/p - mummy
Aim: a mummy (lightly damaged)
You freeze the mummy.
The mummy resists.
The mummy is moderately damaged.
The mummy hits you but does no damage. The mummy hits you.
* * * LOW HITPOINT WARNING * * *
The mummy hits you!
You die...

##..##......##
##....##....##
##?.....#....#
#$.!....#....#
#$!!....#....#
#$$.....#....#
##$.Z...#....#
#$MMM.##....#
##$♣M.##....#
#$.M###.∩∩.#
##### ######


You could see 5 mummies and a hobgoblin zombie.

Vanquished Creatures
  An ogre (D:4)
  A bombardier beetle (D:3)
  An iguana (D:4)
  A mummy (Ossuary)
  3 adders
  A ribbon worm (D:3)
  An orc (D:4)
  7 ball pythons
  2 endoplasms (D:3)
  3 giant cockroaches (D:3)
  A gnoll zombie (Ossuary)
  A goblin (D:1)
  4 hobgoblins
  A jackal (D:3)
  4 quokkas
  A bat (D:3)
  3 frilled lizards (D:2)
  A hobgoblin zombie (Ossuary)
  5 kobolds
  2 kobold zombies (Ossuary)
  2 orc zombies (Ossuary)
  6 rats
52 creatures vanquished.

Notes
Turn   | Place    | Note
-------+----------+-------------------------------------------
     0 | D:1      | PriceMaster the Demonspawn Ice Elementalist began the quest
                  | for the Orb.
     0 | D:1      | Reached XP level 1. HP: 13/13 MP: 3/3
   289 | D:1      | Gained mutation: You sometimes gain a little power by
                  | taking damage. [demonic ancestry]
   289 | D:1      | Reached XP level 2. HP: 10/19 MP: 3/5
   584 | D:2      | Reached skill level 4 in Ice Magic
   710 | D:2      | Identified the +4 ring mail of Acronuo {rCorr MP+9 Int+3}
   951 | D:2      | Found a faded altar of an unknown god.
  1241 | D:2      | Learned a level 1 spell: Magic Dart
  1594 | D:3      | Noticed a bombardier beetle
  1603 | D:3      | Killed a bombardier beetle
  1604 | D:3      | Reached XP level 3. HP: 21/24 MP: 6/6
  1661 | D:3      | Reached XP level 4. HP: 30/30 MP: 7/7
  1665 | D:3      | Learned a level 3 spell: Frozen Ramparts
  2235 | D:4      | Found a sand-covered staircase.
  2268 | D:4      | Noticed an ogre
  2286 | D:4      | Killed an ogre
  2287 | D:4      | Reached skill level 1 in Armour
  2287 | D:4      | Reached skill level 5 in Ice Magic
  2287 | D:4      | Gained mutation: Your demonic aura sometimes causes spilled
                  | blood to erupt in flames. [demonic ancestry]
  2287 | D:4      | Reached XP level 5. HP: 21/35 MP: 4/10
  2339 | Ossuary  | Entered an ossuary
  2563 | Ossuary  | HP: 1/35 [mummy (13)]
  2596 | Ossuary  | Slain by a mummy

Illustrated notes

Levels and vault maps discovered:
D:1:      lightli_arrival_quake, layout_rooms, dreamdust_princess_corridor
D:2:      layout_basic, ebering_ecumenical_altar_mist
D:3:      layout_rooms, serial_bayou, serial_bayou_pond_c, serial_bayou_pond_e,
          serial_bayou_pond_b, serial_bayou_pond_a
D:4:      layout_basic, grunt_temple_overflow_open,
          nicolae_ossuary_entry_monument
Ossuary:  ossuary_tomb_3

Skill      XL: |  1  2  3  4 |
---------------+-------------+-----
Ice Magic      | 4 5 |  5.2
Stealth        | 2 |  2.0
Armour         | 1 |  1.2
Dodging        | 2 |  2.0
Spellcasting   | 3 |  3.4
Short Blades   | |  0.1
Conjurations   | |  0.1

Action                     |  1- 3 |  4- 6 || total
---------------------------+-------+-------++-------
  Melee: Dagger            |    22 |    36 ||    58
         Unarmed           |     5 |       ||     5
   Cast: Freeze            |    38 |    68 ||   106
         Magic Dart        |     1 |     7 ||     8
         Frozen Ramparts   |       |     3 ||     3
    Use: Scroll            |       |     5 ||     5
         Potion            |       |     5 ||     5
 Armour: Robe              |    21 |       ||    21
         Ring mail         |    31 |    98 ||   129
         Skin              |       |    39 ||    39
  Dodge: Dodged            |    28 |    69 ||    97

Table legend: (Time is in decaauts)
 A = Elapsed time spent in this place.
 B = Non-inter-level travel time spent in this place.
 C = Inter-level travel time spent in this place.
 D = Time resting spent in this place.
 E = Time spent auto-exploring this place.
 F = Levels seen in this place.
 G = Mean time per level.
                   A        B        C        D        E       F      G
               +--------+--------+--------+--------+--------+-----+--------+
         Total |   2603 |   2473 |    130 |    172 |   1836 |   5 |  520.6 |
       Dungeon |   2346 |   2216 |    130 |    172 |   1692 |   4 |  586.5 |
       Ossuary |    256 |    256 |      0 |      0 |    144 |   1 |  256.0 |
               +--------+--------+--------+--------+--------+-----+--------+

Top non-repeatable levels by time:
     D:2: 972 daAuts
     D:3: 681 daAuts
     D:1: 576 daAuts
 Ossuary: 256 daAuts
     D:4: 115 daAuts
